Map: Snowy Mesa

Players

Amix - Winner!

  • Race: Zerg Zerg
  • League: Platinum
  • Spawn Location: 6:00

chusux - Winner!

  • Race: Protoss Protoss
  • Spawn Location: 6:00

A.I. 2 (Medium)

  • Race: Terran Terran
  • Spawn Location: 12:00

A.I. 3 (Medium)

  • Race: Terran Terran
  • Spawn Location: 12:00

VOD

Have the link to the VOD?

Description

Time

  • Played on: Nov. 11, 2016, 12:11 p.m.
  • Length: 28:43
Show
View Real Time Build Order
Export as new Build Order

Amix Zerg - Winner!

Build Orders: Pool First 

Get SALT Encoding   

  12  0:08  Drone  
  12  0:09  Drone  
  14  0:19  Overlord  
  14  0:39  Drone x2  
  14  0:41  Drone  
  17  0:56  Drone  
  18  1:14  Extractor  
  18  1:16  Spawning Pool  
  16  1:25  Drone  
  16  1:26  Drone x2  
  16  1:30  Hatchery  
  18  1:47  Hatchery  
  17  2:17  Drone x3  
  20  2:25  Extractor  
  20  2:26  Queen  
  20  2:29  Zergling x2  
  22  2:39  Overlord  
  22  2:43  Drone  
  23  2:51  Drone  
  23  2:57  Zergling x2  
  25  3:01  Queen  
  25  3:02  Queen  
  25  3:04  Zergling x4  
  31  3:22  Zergling x10  
  31  3:24  Overlord  
  36  3:39  Zergling x4  
  36  3:40  Zergling x4  
  42  3:53  Metabolic Boost  
  42  3:57  Lair  
  40  4:31  Evolution Chamber  
  40  4:33  Evolution Chamber  
  38  4:39  Drone x7  
  38  4:40  Drone x3  
  48  4:48  Drone x2  
  50  4:58  Zerg Melee Weapons Level 1  
  50  5:02  Zerg Ground Armor Level 1  
  50  5:14  Overlord x2  
  42  6:10  Drone x5  
  42  6:11  Drone x9  
  52  6:12  Drone x7  
  52  6:13  Drone x3  
  66  6:19  Extractor  
  66  6:22  Extractor  
  64  6:26  Spire  
  64  6:31  Extractor  
  62  6:41  Infestation Pit  
  62  6:44  Zergling x8  
  62  6:45  Zergling x2  
  66  6:47  Overlord x5  
  66  7:23  Zerg Ground Armor Level 2, Zerg Melee Weapons Level 2  
  66  7:25  Hive  
  66  7:27  Zergling x8  
  66  7:28  Zergling x2  
  71  7:39  Hatchery  
  71  7:42  Mutalisk, Hatchery  
  71  7:43  Mutalisk x2  
  75  7:44  Zergling x4  
  75  7:45  Zergling x12  
  83  8:09  Drone x3  
  83  8:10  Drone x9  
  95  8:21  Extractor  
  95  8:23  Drone x5  
  95  8:25  Zerg Flyer Weapons Level 1  
  99  8:49  Hatchery  
  99  8:52  Extractor  
  99  8:55  Extractor  
  96  8:58  Ultralisk Cavern  
  96  9:01  Adrenal Glands  
  95  9:03  Mutalisk x2  
  95  9:04  Zergling x6  
  95  9:05  Zergling x16  
  95  9:06  Overlord x2, Zergling x2  
  110  9:45  Mutalisk x6  
  112  9:46  Mutalisk  
  124  10:11  Ultralisk x2  
  136  10:19  Zerg Flyer Armor Level 1  
  120  11:03  Ultralisk x4  
  112  11:44  Ultralisk x3  
  112  11:46  Drone x4  
  112  11:47  Drone x6  
  140  12:09  Zerg Ground Armor Level 3  
  140  12:10  Zerg Melee Weapons Level 3  
  139  13:35  Zerg Flyer Weapons Level 2  
  139  15:51  Zerg Flyer Armor Level 2  
  115  21:20  Hatchery  
  114  21:28  Hatchery  
  111  23:58  Zergling x4  
  111  23:59  Zergling x54  
  140  24:37  Hatchery, Extractor  
  140  24:38  Extractor  
  137  24:39  Hatchery  
  137  24:40  Hatchery  
  135  24:51  Extractor  
  134  24:53  Extractor  
  134  24:56  Overlord  
  134  24:57  Overlord x9  
  133  25:00  Pneumatized Carapace  
  133  25:01  Burrow  
  133  26:15  Mutalisk x11  
  133  26:16  Mutalisk x22  
Show
View Real Time Build Order
Export as new Build Order

chusux Protoss - Winner!

Build Orders:  

Get SALT Encoding   

  12  0:05  Probe (Chrono Boost)  
  13  0:18  Assimilator  
  13  0:20  Probe (Chrono Boost)  
  14  0:28  Pylon  
  14  0:40  Pylon  
  14  0:41  Probe (Chrono Boost)  
  15  0:58  Probe (Chrono Boost)  
  15  1:00  Assimilator  
  16  1:08  Probe (Chrono Boost)  
  17  1:17  Gateway  
  17  1:19  Probe (Chrono Boost)  
  18  1:33  Forge  
  18  1:34  Probe (Chrono Boost)  
  19  1:44  Probe (Chrono Boost)  
  20  1:55  Probe (Chrono Boost)  
  21  2:05  Zealot, Probe (Chrono Boost)  
  24  2:18  Cybernetics Core  
  24  2:22  Probe (Chrono Boost)  
  25  2:33  Zealot, Probe (Chrono Boost)  
  28  2:43  Probe (Chrono Boost)  
  29  2:54  Probe (Chrono Boost)  
  30  3:04  Probe (Chrono Boost)  
  31  3:39  Protoss Ground Weapons Level 1  
  31  4:16  Nexus  
  31  4:33  Protoss Air Weapons Level 1  
  31  4:47  Twilight Council  
  31  4:56  Nexus  
  31  5:01  Pylon  
  31  5:04  Pylon  
  31  5:08  Pylon  
  31  5:19  Zealot  
  31  5:20  Probe (Chrono Boost)  
  34  5:23  Gateway  
  34  5:30  Probe (Chrono Boost)  
  34  5:34  Protoss Ground Armor Level 1  
  35  5:41  Probe (Chrono Boost)  
  34  5:43  Photon Cannon  
  34  5:47  Zealot  
  36  5:51  Probe (Chrono Boost)  
  37  6:03  Photon Cannon  
  35  6:10  Probe (Chrono Boost)  
  36  6:14  Zealot  
  38  6:21  Zealot, Probe (Chrono Boost)  
  41  6:28  Protoss Air Armor Level 1  
  41  6:31  Robotics Facility  
  41  6:40  Templar Archives  
  41  6:41  Zealot  
  43  6:48  Zealot  
  45  6:56  Probe (Chrono Boost)  
  46  7:07  Probe (Chrono Boost)  
  46  7:08  Zealot  
  49  7:10  Probe (Chrono Boost)  
  49  7:15  Zealot  
  52  7:17  Probe (Chrono Boost)  
  52  7:20  Probe (Chrono Boost)  
  54  7:27  Protoss Ground Weapons Level 2  
  54  7:28  Probe (Chrono Boost)  
  55  7:30  Assimilator  
  55  7:31  Probe (Chrono Boost)  
  55  7:33  Assimilator  
  55  7:35  Zealot  
  58  7:39  Probe (Chrono Boost)  
  58  7:42  Zealot, Probe (Chrono Boost)  
  62  7:49  Probe (Chrono Boost)  
  63  7:52  Probe (Chrono Boost)  
  63  7:53  Immortal  
  68  8:02  Adept  
  68  8:04  Psionic Storm  
  70  8:05  Pylon  
  70  8:09  Zealot  
  72  8:18  Probe (Chrono Boost)  
  73  8:28  Probe (Chrono Boost)  
  73  8:29  Sentry  
  73  8:32  Immortal  
  80  9:11  Immortal  
  84  9:33  High Templar  
  86  9:41  Adept  
  86  9:50  Warp Prism  
  84  10:08  Adept  
  84  10:13  High Templar  
  88  10:22  Pylon  
  88  10:27  Observer  
  89  10:35  Adept  
  91  10:48  Observer  
  92  10:52  Gateway, High Templar  
  94  11:02  High Templar  
  96  11:29  Stargate  
  96  11:31  High Templar  
  98  11:35  Pylon  
  94  11:54  High Templar  
  82  12:11  Sentry  
  84  12:17  Photon Cannon  
  84  12:20  Photon Cannon  
  84  12:21  Photon Cannon  
  84  12:23  Photon Cannon  
  84  12:28  Protoss Ground Armor Level 2  
  84  12:37  Sentry  
  84  12:45  Assimilator  
  84  12:51  Assimilator, Probe (Chrono Boost)  
  83  13:01  Probe (Chrono Boost)  
  83  13:03  Sentry  
  84  13:08  Adept  
  84  13:12  Probe (Chrono Boost)  
  87  13:22  Probe (Chrono Boost)  
  88  13:35  Adept  
  90  13:41  Photon Cannon  
  90  14:03  Zealot  
  92  14:30  Zealot  
  92  14:45  Protoss Ground Weapons Level 3  
  92  14:57  Zealot  
  94  15:19  Warp Gate (Chrono Boost)  
  94  16:02  Nexus  
  94  16:06  Zealot  
  96  16:33  Zealot  
  80  16:56  Adept  
  66  17:24  Adept  
  63  17:50  Immortal  
  63  17:51  Adept  
  69  17:53  Sentry  
  71  18:03  Oracle  
  74  18:18  Adept  
  74  18:19  High Templar  
  78  18:29  Immortal  
  82  18:39  Phoenix  
  84  18:45  Adept  
  86  18:58  High Templar  
  88  19:04  Phoenix  
  92  19:29  Phoenix  
  92  20:18  Pylon  
  92  20:19  Pylon  
  92  20:20  Pylon  
  92  20:21  Pylon  
  92  20:22  Pylon  
  92  20:36  Immortal, Phoenix  
  98  20:44  Stalker x2  
  102  21:16  Immortal  
  106  21:22  Gateway x2  
  106  21:45  Protoss Ground Armor Level 3  
  106  21:48  Gateway  
  106  21:49  Gateway  
  106  21:51  Gateway  
  106  21:55  Immortal  
  110  22:05  Nexus  
  110  23:08  Stalker x3  
  110  23:09  Stalker x4  
  124  23:40  Pylon  
  124  23:41  Pylon  
  124  23:42  Pylon  
  124  23:44  Pylon  
  124  23:45  Pylon  
  124  23:46  Probe, Pylon  
  125  23:48  Pylon  
  125  23:51  Pylon  
  125  23:57  Probe  
  125  24:02  Blink  
  126  24:07  Probe  
  127  24:13  Sentry  
  129  24:22  Protoss Shields Level 1  
  129  24:24  High Templar x3  
  129  24:25  High Templar x3  
  129  24:29  Oracle  
  144  24:36  Immortal  
  146  25:05  Phoenix  
  146  25:15  Immortal  
  150  25:30  Void Ray  
  154  25:45  Pylon  
  154  25:47  Pylon  
  154  25:50  Pylon  
  154  25:54  Warp Prism  
  156  26:03  Charge  
  156  26:04  High Templar  
  156  26:05  High Templar x4  
  156  26:06  High Templar x2  
  170  26:12  Oracle  
  173  26:29  Warp Prism  
  173  26:30  Assimilator  
  172  26:48  Phoenix  
  174  27:05  Warp Prism  
  172  28:23  Archon  
  172  28:31  Archon  
Show
View Real Time Build Order
Export as new Build Order

A.I. 2 (Medium) Terran 

Build Orders:  

Get SALT Encoding   

  12  0:01  SCV  
  13  0:13  SCV  
  14  0:19  Supply Depot  
  14  0:25  SCV  
  15  0:40  SCV  
  16  0:43  Barracks  
  16  0:48  Refinery  
  16  0:52  SCV  
  17  1:04  SCV  
  18  1:17  Supply Depot  
  18  1:31  Marine, Orbital Command  
  19  1:32  Barracks  
  19  1:42  Refinery  
  19  1:50  Barracks Tech Lab  
  19  2:07  Marine  
  20  2:09  Supply Depot  
  20  2:19  Marine  
  21  2:29  Marauder, SCV  
  24  2:39  Marine  
  24  2:41  SCV  
  26  2:44  Engineering Bay  
  26  2:50  Marine  
  27  2:54  SCV  
  27  2:55  Supply Depot  
  28  2:59  Marine  
  29  3:06  SCV  
  29  3:09  Marauder  
  32  3:18  SCV  
  33  3:30  SCV  
  33  3:31  Marauder  
  36  5:21  Barracks Tech Lab, SCV  
  37  5:24  Factory  
  37  5:28  Factory  
  37  5:30  Missile Turret  
  37  5:33  Missile Turret  
  37  5:38  Barracks  
  37  5:41  Supply Depot, Command Center  
  37  5:42  Sensor Tower  
  37  5:54  Bunker  
  37  6:00  Marine  
  26  6:11  Armory  
  26  6:12  Marine  
  26  6:16  Starport  
  26  6:17  Factory Tech Lab x2  
  27  6:25  Marine, Supply Depot  
  27  6:31  Barracks Reactor  
  28  6:38  Marine  
  29  6:51  Marine  
  29  6:53  SCV  
  31  6:56  Refinery, SCV, Starport Tech Lab  
  32  7:04  Marauder  
  32  7:05  SCV  
  36  7:08  SCV  
  36  7:12  Missile Turret  
  36  7:13  Missile Turret  
  36  7:15  Refinery, Raven  
  36  7:17  Marauder, SCV  
  36  7:20  SCV  
  42  7:29  SCV  
  43  7:30  Marine  
  43  7:32  SCV  
  43  7:33  Bunker  
  45  7:42  SCV  
  45  7:43  Siege Tank  
  49  7:44  SCV  
  50  7:54  SCV  
  50  7:56  Siege Tank  
  50  7:57  SCV  
  55  7:58  Raven  
  57  8:06  SCV  
  57  8:09  SCV  
  59  8:15  Cyclone  
  59  8:18  SCV  
  64  8:21  SCV  
  65  8:30  SCV  
  65  8:33  SCV  
  67  8:42  SCV  
  67  8:45  SCV  
  69  9:30  Marine  
  70  9:32  Supply Depot  
  70  9:38  Viking  
  72  9:45  Marine  
  73  9:50  Combat Shields, Reaper  
  73  9:51  Stimpack, Terran Infantry Weapons Level 1  
  74  9:54  Starport  
  74  9:55  Marine  
  75  10:00  Marine  
  75  10:02  Fusion Core  
  75  10:05  Supply Depot, Reaper  
  76  10:08  Engineering Bay, Medivac  
  76  10:10  Armory  
  76  10:13  Hellion  
  80  10:15  Ghost Academy  
  80  10:23  Marauder  
  80  10:28  Marine  
  81  10:30  Supply Depot, Medivac  
  81  10:33  Marine  
  73  10:36  Command Center  
  73  10:37  Raven  
  73  10:38  Marine  
  53  10:43  SCV  
  53  10:46  Marine  
  53  10:47  SCV  
  53  10:48  Marine  
  40  10:57  Marauder  
  40  10:59  Marine  
  40  11:00  Starport Tech Lab  
  40  11:01  SCV  
  39  11:04  Marine  
  39  11:05  SCV  
  39  11:09  Marine, Concussive Shells  
  37  11:16  Marine  
  36  11:19  Marine, Raven  
  36  11:20  Raven  
  36  11:25  Reaper  
  38  11:30  Reaper  
  37  11:37  Hellion  
  36  11:44  Marauder  
  36  11:51  Marine  
  37  11:59  SCV  
  38  12:02  Viking, SCV  
  38  12:03  Marine  
  38  12:08  Marine  
  38  12:11  SCV  
  38  12:13  Marine  
  38  12:15  Command Center  
  40  12:18  Marine  
  40  12:19  SCV  
  42  12:26  SCV  
  42  12:33  SCV  
  22  13:24  SCV  
  23  13:28  SCV  
  24  13:36  SCV  
  24  13:40  Command Center  
  25  13:42  SCV  
  25  13:48  SCV  
  27  13:54  SCV  
  28  13:57  Marine  
  28  14:04  SCV  
  28  14:06  Marine  
  30  14:11  Marine  
  30  14:17  SCV  
  30  14:20  Marine  
  29  14:24  SCV  
  29  14:30  SCV  
  31  14:36  SCV  
  32  14:43  Marauder  
  33  14:48  SCV  
  34  14:55  Marauder  
  36  15:05  Marauder  
  38  15:08  SCV  
  38  15:11  SCV  
  39  15:15  SCV  
  39  15:20  SCV  
  39  15:23  Marine  
  39  15:24  SCV  
  39  15:28  SCV  
  41  15:32  SCV  
  41  15:34  Marine  
  41  15:36  SCV  
  41  15:39  Marine  
  37  15:44  Marine  
  37  15:53  Marauder  
  39  15:57  SCV  
  39  16:00  SCV  
  39  16:02  Marauder  
  39  16:03  SCV  
  43  16:07  Marine  
  43  16:09  SCV  
  45  16:12  Marine  
  45  16:16  Marine  
  44  16:23  Marauder  
  44  16:25  Marine  
  44  16:34  Marine x2  
  46  16:43  Marine  
  46  16:44  Marine  
  48  16:52  Marauder  
  48  17:02  Marauder  
  48  17:05  Ghost Academy  
  50  17:14  Marauder, Reaper  
  53  17:23  Siege Tank  
  53  17:24  Marauder  
  53  17:27  Marine  
  59  17:35  Marine  
  60  17:45  Marine x2  
  60  17:51  Widow Mine  
  62  17:53  Marauder  
  62  17:54  Marine  
  51  18:02  Marine  
  51  18:03  Marine  
  50  18:07  SCV  
  50  18:12  Marine  
  48  18:14  Marauder  
  49  18:20  Marine x2  
  49  18:23  SCV  
  51  18:29  Marine  
  52  18:35  Marine  
  52  18:38  Marine x2  
  53  18:41  SCV  
  53  18:44  SCV  
  53  18:47  Marine, SCV  
  54  18:53  Marine, SCV  
  45  18:56  Marine x2  
  45  19:00  SCV  
  39  19:05  Marine, SCV  
  38  19:11  Marine, SCV  
  38  19:14  Marine, Marauder  
  38  19:15  SCV  
  42  19:18  SCV  
  42  19:23  Marine, SCV  
  44  19:27  SCV  
  44  19:29  Marine  
  44  19:30  SCV  
  37  19:32  Marine  
  37  19:35  Marine, SCV  
  37  19:39  SCV  
  37  19:41  Marine  
  37  19:44  SCV  
  35  19:47  Marauder  
  35  19:49  Hellion, SCV  
  36  19:53  SCV  
  36  19:58  SCV  
  29  20:02  SCV  
  30  20:09  SCV  
  30  20:12  SCV  
  18  20:52  SCV  
  19  20:57  SCV  
  19  21:00  SCV  
  21  21:04  SCV  
  21  21:09  SCV  
  21  21:10  Marine  
  24  21:13  Marine  
  24  21:14  SCV  
  24  21:15  Marine  
  24  21:16  SCV  
  27  21:18  Marine  
  27  21:21  SCV  
  27  21:27  Marine  
  27  21:31  Marauder  
  29  21:34  Marine  
  30  21:51  SCV  
  31  21:54  SCV  
  31  21:56  Command Center  
  31  21:59  SCV  
  30  22:03  SCV  
  29  22:09  SCV  
  29  22:14  SCV  
  14  23:02  Marine, SCV  
  14  23:05  SCV  
  17  23:07  Marine  
  17  23:08  SCV  
  19  23:12  Marine  
  19  23:18  Siege Tank  
  21  23:54  SCV  
  21  23:55  Siege Tank  
  25  23:57  SCV  
  25  23:59  Marine  
  25  24:00  SCV  
  28  24:04  Marine  
  28  24:10  Marine  
  22  24:45  Marine, SCV  
  21  24:48  SCV  
  21  24:50  Marine  
  21  24:51  SCV  
  17  25:38  Marine, SCV  
  17  25:41  SCV  
  20  25:44  SCV  
  20  25:45  Marine  
  21  25:50  SCV  
  21  25:52  Marine  
Show
View Real Time Build Order
Export as new Build Order

A.I. 3 (Medium) Terran 

Build Orders:  

Get SALT Encoding   

  12  0:01  SCV  
  13  0:13  SCV  
  14  0:19  Supply Depot  
  14  0:25  SCV  
  15  0:40  SCV  
  15  0:42  Barracks  
  16  0:49  Refinery  
  16  0:53  SCV  
  17  1:05  SCV  
  18  1:18  Supply Depot  
  18  1:29  Orbital Command  
  18  1:30  Marine  
  19  1:35  Barracks  
  19  1:45  Refinery  
  19  1:48  Barracks Tech Lab  
  19  2:06  Marine  
  20  2:10  Supply Depot  
  20  2:24  Marine  
  20  2:27  Marine  
  22  2:31  SCV  
  23  2:42  Marauder  
  23  2:43  SCV, Engineering Bay  
  26  2:55  SCV  
  26  2:58  Supply Depot  
  27  3:03  Marauder  
  29  3:07  SCV  
  30  3:19  SCV  
  31  3:25  Marauder  
  33  3:31  SCV  
  34  3:46  Marauder  
  36  4:58  Barracks Tech Lab  
  36  4:59  Marine, SCV  
  38  5:01  Factory  
  38  5:04  Factory  
  38  5:06  Missile Turret  
  38  5:08  Missile Turret  
  38  5:09  Command Center  
  38  5:13  Barracks  
  38  5:14  Supply Depot  
  38  5:17  Marine  
  39  5:29  Bunker  
  39  5:37  Sensor Tower  
  39  5:41  Marine, Supply Depot  
  38  5:47  Factory Tech Lab, Starport  
  38  5:49  Factory Tech Lab  
  28  5:55  Marine  
  29  6:08  Marine  
  30  6:22  Marine, SCV  
  30  6:25  SCV  
  33  6:32  Refinery, Starport Tech Lab  
  32  6:33  Missile Turret  
  32  6:34  SCV  
  32  6:35  Missile Turret  
  32  6:36  Marauder  
  32  6:37  SCV  
  36  6:44  Armory  
  36  6:46  Barracks Reactor, SCV  
  37  6:49  SCV  
  37  6:50  Marauder  
  37  6:51  Raven  
  42  6:58  SCV  
  42  6:59  Bunker  
  44  7:01  SCV  
  44  7:03  Siege Tank  
  47  7:10  SCV  
  47  7:13  SCV  
  49  7:17  Siege Tank  
  49  7:22  SCV  
  53  7:25  SCV  
  54  7:34  SCV, Raven  
  54  7:35  Cyclone  
  61  7:37  SCV  
  62  7:46  SCV  
  62  7:49  SCV  
  64  7:59  Refinery, SCV  
  64  8:01  SCV  
  65  8:11  SCV  
  66  8:14  SCV  
  67  8:23  SCV  
  67  8:26  SCV  
  69  8:29  Supply Depot  
  69  8:35  SCV  
  69  8:38  SCV  
  71  9:35  Medivac, Combat Shields, Siege Tank  
  71  9:36  Stimpack, Terran Infantry Weapons Level 1  
  76  9:38  Starport  
  76  9:42  Marine, Supply Depot  
  76  9:44  Ghost Academy  
  77  9:45  Command Center  
  77  9:49  Marine  
  77  9:50  Engineering Bay  
  78  9:56  Marine  
  79  10:00  Armory  
  79  10:03  Marine  
  79  10:05  Medivac  
  79  10:06  Fusion Core  
  82  10:07  Supply Depot  
  82  10:11  Siege Tank  
  85  10:15  Starport Reactor, Terran Infantry Armor Level 1  
  85  10:18  Siege Tank  
  88  10:32  Supply Depot  
  88  10:34  Raven  
  90  10:43  Siege Tank  
  90  10:47  Marine  
  90  10:54  Marine  
  89  10:59  SCV  
  89  11:02  Marine  
  89  11:04  SCV  
  63  11:05  Command Center  
  63  11:07  SCV  
  63  11:09  Marine  
  55  11:11  SCV  
  55  11:16  SCV  
  55  11:17  Marine  
  56  11:24  Marine  
  56  11:25  SCV, Missile Turret  
  57  11:28  SCV  
  57  11:31  Marine, Bunker  
  53  11:39  Viking, Missile Turret  
  49  11:46  Viking  
  49  11:54  Hellion  
  50  12:00  Marine  
  49  12:07  Marine  
  49  12:11  SCV  
  49  12:14  SCV  
  51  12:15  Siege Tank  
  51  12:21  Raven  
  51  12:22  Marine  
  54  12:24  SCV  
  54  12:30  Siege Tank  
  54  12:37  Marine  
  52  12:43  SCV  
  52  12:44  Marine  
  54  12:46  SCV  
  56  12:51  Marine  
  56  12:55  SCV, Missile Turret  
  56  12:58  Marine, Medivac  
  56  13:04  Raven  
  59  13:06  Marine, SCV  
  59  13:09  SCV  
  62  13:13  Siege Tank  
  62  13:18  SCV  
  66  13:20  Siege Tank  
  66  13:21  SCV  
  66  13:26  Medivac  
  63  13:28  Marine  
  63  13:30  SCV  
  63  13:33  Marine  
  57  13:36  Marine  
  58  13:42  Marine  
  58  13:45  Siege Tank  
  58  13:46  Marine  
  58  13:47  Raven  
  65  13:51  Marine  
  65  13:54  Marine  
  65  13:55  Siege Tank  
  70  14:00  Marine  
  71  14:04  Marine  
  71  14:09  Marine  
  73  14:12  Marine  
  74  14:18  Marine  
  74  14:22  Marauder  
  77  14:26  Ghost  
  77  14:28  Medivac  
  77  14:30  Marine  
  77  14:35  Marine  
  66  14:39  Medivac  
  66  14:43  Marine  
  62  14:47  Marine  
  62  14:49  Raven  
  64  14:53  Marine  
  64  14:55  Marine  
  64  15:01  Marauder  
  64  15:05  Marine  
  67  15:11  Marine  
  67  15:13  Marine  
  67  15:22  Marine  
  67  15:23  Marine  
  69  15:29  Marine  
  69  15:31  Marine  
  69  15:32  Raven  
  70  15:40  Marine  
  70  15:41  Marine  
  66  15:47  Marine  
  66  15:49  Marine  
  67  15:58  Marine  
  67  15:59  Marine  
  68  16:05  Marine  
  68  16:06  Marine  
  69  16:12  Terran Infantry Weapons Level 2  
  69  16:14  Raven  
  69  16:16  Marauder, Marine  
  74  16:22  Marine, Command Center  
  74  16:24  Marine  
  76  16:34  Marine  
  76  16:38  Marauder  
  79  16:43  Marauder  
  69  16:56  Marine  
  69  16:59  Marauder, Marine  
  72  17:03  Marine  
  73  17:14  Marine  
  74  17:17  Marine  
  74  17:20  Marine  
  74  17:21  Marine  
  77  17:32  Marine  
  77  17:35  Marine  
  68  17:38  Marine  
  68  17:39  Ghost  
  57  17:49  Marine  
  33  18:31  Marine  
  23  19:11  Command Center  
  23  19:15  SCV  
  23  19:18  SCV  
  23  19:21  SCV  
  25  19:24  Marine  
  25  19:29  Marine  
  27  19:32  Marine  
  27  19:37  Marine  
  29  19:44  Marine  
  30  19:55  SCV  
  30  19:57  Marine  
  29  20:04  SCV  
  30  20:13  Marauder  
  32  20:17  Marine  
  27  20:25  SCV  
  28  20:30  SCV  
  28  20:35  SCV  
  29  20:39  SCV  
  30  20:46  SCV  
  30  20:48  Marine  
  32  20:53  Marine  
  30  20:58  Marine  
  30  21:02  SCV  
  30  21:08  SCV  
  28  21:13  SCV  
  28  21:16  SCV  
  29  21:21  SCV  
  29  21:24  SCV  
  30  21:28  SCV  
  30  21:32  SCV  
  29  21:34  Marine  
  29  21:40  Marine  
  29  21:43  Marine  
  29  21:46  SCV  
  30  21:50  SCV  
  31  21:54  Marine  
  31  21:57  SCV  
  32  22:02  Marine  
  33  22:11  Marine  
  33  22:13  Marauder  
  33  22:16  SCV  
  33  22:19  SCV  
  30  22:24  SCV  
  30  22:27  SCV  
  31  22:31  SCV  
  31  22:35  Marine  
  33  22:39  SCV  
  33  22:43  Marine  
  33  22:46  Marine  
  33  22:50  SCV  
  32  22:53  SCV  
  32  22:55  Marine  
  32  23:00  SCV  
  32  23:03  SCV  
  31  23:06  Marine  
  31  23:10  Marine  
  30  23:18  Marauder  
  29  23:22  SCV  
  29  23:26  SCV  
  29  23:29  SCV  
  29  23:34  SCV  
  29  23:38  Marine  
  30  23:43  Marine  
  30  23:48  SCV  
  29  23:51  SCV  
  26  24:19  Battlecruiser  
  26  24:22  SCV  
  31  24:25  SCV  
  31  24:28  SCV  
  32  24:31  SCV  
  32  24:34  SCV  
  32  24:37  SCV  
  35  24:40  SCV  
  35  24:46  SCV x2  
  35  24:49  SCV  
  37  24:54  SCV  
  37  24:58  SCV  
  39  25:00  SCV  
  39  25:04  SCV  
  39  25:07  SCV  
  39  25:11  SCV  
  39  25:13  SCV  
  39  25:16  SCV  
  39  25:22  SCV  
  39  25:23  SCV  
  39  25:28  SCV x2  
  38  25:34  SCV  
  38  25:35  SCV  
  40  25:40  SCV  
  39  25:43  SCV  
  39  25:46  Viking  
  40  25:50  SCV  
  40  25:53  SCV  
  40  25:56  Marine  
  40  25:59  SCV  
  31  26:36  SCV  
  31  26:39  SCV  
  33  26:42  SCV  
  33  26:44  Marine  
  32  26:48  SCV  
  32  26:51  Marine, SCV  
  33  26:59  Hellion  
  33  27:01  SCV  
  36  27:06  Marine  
  37  27:14  Marine, SCV  
  24  27:21  Hellion  
  24  27:29  Marauder  
  23  27:41  Viking  
  13  27:53  SCV  
  13  27:56  SCV  
  12  28:03  Marine  
  12  28:05  SCV  
  12  28:08  SCV  
  12  28:10  Marine  
  11  28:27  SCV  
Tags
 
Add a new tag
Caveats
  • Supply blocks, unpowered buildings, or Contaminate may cause inaccurate times.
  • Supply counts are checked every 10 seconds.